 Dungeon Crawl Stone Soup version 0.26.1-11-gd32895ea62 (webtiles) character file.

Game seed: 16240671239650726235

56 Almogavar the Conjurer (level 3, 0/26 HPs)
             Began as a Draconian Conjurer on July 7, 2021.
             Killed from afar by an orc wizard (5 damage)
             ... with a puff of frost
             ... on level 2 of the Dungeon.
             The game lasted 00:04:48 (1420 turns).

Almogavar the Conjurer (Draconian Conjurer)         Turns: 1420, Time: 00:04:48

Health: 0/26       AC:  5    Str:  9    XL:     3   Next: 69%
Magic:  2/6        EV: 12    Int: 19    God:
Gold:   66         SH:  0    Dex:  9    Spells: 3/6 levels left

rFire    . . .     SeeInvis .   g - -2 short sword (curse)
rCold    . . .     Faith    .   (no shield)
rNeg     . . .     Spirit   .   (armour unavailable)
rPois    .         Reflect  .   (helmet restricted)
rElec    .         Harm     .   (no cloak)
rCorr    .         Rampage  .   (no gloves)
Will     .....                  (no boots)
Stlth    ++........             (no amulet)
HPRegen  0.08/turn              (no ring)
MPRegen  0.10/turn              (no ring)

@: no status effects
A: unfitting armour, cold-blooded, AC +5
a: no special abilities


You were on level 2 of the Dungeon.
You visited 1 branch of the dungeon, and saw 2 of its levels.

You collected 66 gold pieces.

Inventory:

Hand Weapons
 a - a +0 dagger
 g - a cursed -2 short sword (weapon)
 j - a +0 short sword of draining
Scrolls
 c - a scroll of identify {unknown}
 d - a scroll of magic mapping {unknown}
 f - 2 scrolls of teleportation {unknown}
 h - a scroll of amnesia {unknown}
 l - a scroll of immolation {unknown}
Potions
 b - a potion of heal wounds {unknown}
 e - 2 potions of lignification {unknown}
 i - a potion of might {unknown}
 k - 2 potions of ambrosia {unknown}


   Skills:
 + Level 2.1 Dodging
 + Level 1.9 Stealth
 + Level 2.3 Spellcasting
 + Level 5.0 Conjurations


You had 3 spell levels left.
You knew the following spells:

 Your Spells              Type           Power        Failure   Level
a - Magic Dart            Conj           84%          1%          1
b - Searing Ray           Conj           42%          3%          2

Your spell library contained the following spells:

 Spells                   Type           Power        Failure   Level
 Dazzling Flash           Conj/Hex       22%          17%         3
 Fulminant Prism          Conj/Hex       5%           50%         4
 Iskenderun's Mystic Bla  Conj/Tloc      11%          50%         4


Dungeon Overview and Level Annotations

Branches:
Dungeon (2/15)

Altars:


Innate Abilities, Weirdness & Mutations

Your plain brown scales are hard. (AC +5)
You cannot fit into any form of body armour.
You are cold-blooded and may be slowed by cold attacks.


Message History

An orc comes into view. It is wielding a +0 flail.
The orc wizard points at itself and mumbles some strange words.
The orc wizard flickers and vanishes!
Deactivating autopickup; reactivate with Ctrl-A.
The searing ray misses the orc wizard.
The searing ray hits the orc wizard.
The orc wizard is moderately wounded.
The searing ray hits the orc wizard.
The orc wizard is heavily wounded.
You finish channeling your searing ray.
The orc wizard hits you with a cursed -1 dagger.
The orc wizard casts a spell at you. The puff of flame hits you.
A magic dart appears from out of thin air!
The magic dart hits you! Something hits you.
* * * LOW HITPOINT WARNING * * *
The orc wizard points at you and mumbles some strange words.
The puff of frost hits you.
You die...

#< ###. #.# #.## #..
#.# #.###..# #.# #.#
...... #.# #.#
######..## #.# #.#
.........###.#####.#
#####.............###
###..............#
#...@.##.#######.#
##)....#..# #.#
#......#.## #.#
#......#.# #.#
#......#.# #.#
#o######.# #.# #.# .#
#.# #.# .# #.#
#o######.###### #.#


You could see an orc wizard.

Vanquished Creatures
  An adder (D:2)
  An ooze (D:1)
  A dart slug (D:2)
  2 ball pythons (D:2)
  4 bats
  5 giant cockroaches
  2 goblins (D:2)
  11 hobgoblins
  3 frilled lizards (D:1)
  2 kobolds (D:1)
  5 rats
37 creatures vanquished.

Notes
Turn   | Place    | Note
-------+----------+-------------------------------------------
     0 | D:1      | Almogavar the Draconian Conjurer began the quest for the
                  | Orb.
     0 | D:1      | Reached XP level 1. HP: 14/14 MP: 3/3
   233 | D:1      | Reached XP level 2. HP: 19/20 MP: 1/5
   253 | D:1      | Learned a level 2 spell: Searing Ray
   907 | D:1      | Reached XP level 3. HP: 26/26 MP: 4/6
  1353 | D:2      | Reached skill level 5 in Conjurations
  1420 | D:2      | Killed from afar by an orc wizard

Illustrated notes

Levels and vault maps discovered:
D:1:      lightli_arrival_noodles, layout_rooms
D:2:      layout_loops_ring, lemuel_round_altar

Skill      XL: |  1  2  3 |
---------------+----------+-----
Dodging        | 2 |  2.1
Conjurations   | 5 |  5.0
Stealth        | |  1.9
Spellcasting   | |  2.3

Action                   || total
-------------------------++-------
Melee: Dagger            ||    12
       Tailslap          ||     2
       Short sword       ||     4
 Cast: Magic Dart        ||    59
       Searing Ray       ||     5
Armor: Skin              ||     9
Dodge: Dodged            ||    17
